 Dungeon Crawl Stone Soup version 0.26.0-20-g3ca415f5b8 (webtiles) character file.

Game seed: 15861704513998450175

2447 thiole the Shield-Bearer (level 9, -20/63 HPs)
             Began as an Octopode Hedge Wizard on Jan 25, 2021.
             Was an Initiate of Gozag.
             Demolished by an ogre
             ... wielding a +0 giant club
              (27 damage)
             ... on level 7 of the Dungeon.
             The game lasted 00:25:58 (7257 turns).

thiole the Shield-Bearer (Octopode Hedge Wizard)    Turns: 7257, Time: 00:25:59

Health: -20/63     AC:  8    Str: 10    XL:     9   Next: 49%
Magic:  35/35      EV: 12    Int: 21    God:    Gozag
Gold:   72         SH: 10    Dex: 20    Spells: 10/18 levels left

rFire    . . .     SeeInvis .   a - +2 dagger (protect)
rCold    . . .     Faith    .   k - +0 kite shield
rNeg     . . .     Spirit   .   x - +0 hat
rPois    .         Reflect  .   y - amulet of regeneration
rElec    .         Harm     .   h - ring of stealth
rCorr    .         Rampage  .   o - +6 ring of dexterity
Will     .....                  v - ring of magical power
Stlth    +++++.....             E - ring of Eluavv Fupt {MP+9 Int+2 Dex+3}
HPRegen  0.60/turn              (no ring)
MPRegen  0.24/turn              (no ring)
                                (no ring)
                                (no ring)

@: gold aura, protection aura
A: almost no armour, stealthy swim, amphibious, 8 rings, constrict 8, camouflage
1, gelatinous body 1
a: Renounce Religion, Potion Petition, Call Merchant, Bribe Branch


You were on level 7 of the Dungeon.
You worshipped Gozag.
Gozag was noncommittal.
You visited 2 branches of the dungeon, and saw 8 of its levels.
You also visited: Sewer.

You collected 639 gold pieces.
You spent 450 gold pieces at shops.
You paid 117 gold pieces to Gozag.

Inventory:

Hand Weapons
 a - a +2 dagger of protection (weapon)
 i - a +4 dagger
Missiles
 j - 46 poisoned darts
Armour
 k - a +0 kite shield (worn)
 x - a +0 hat (worn)
Magical Staves
 b - an uncursed staff of earth
Jewellery
 h - a ring of stealth (left tentacle)
 m - an uncursed amulet of reflection
 o - a +6 ring of dexterity (right tentacle)
 p - an uncursed amulet of guardian spirit
 v - a ring of magical power (on tentacle)
 y - an amulet of regeneration (around mantle)
 A - an uncursed ring of ice
 E - the ring of Eluavv Fupt (on tentacle) {MP+9 Int+2 Dex+3}
   (You bought it in a shop on level 6 of the Dungeon)

   [ring of magical power]

   It affects your intelligence (+2).
   It affects your dexterity (+3).
   It affects your magic capacity (+9).
Wands
 B - a wand of digging (4)
 C - a wand of polymorph (5)
Scrolls
 c - 5 scrolls of teleportation
 d - a scroll of amnesia {unknown}
 e - a scroll of enchant armour {unknown}
 f - 6 scrolls of remove curse
 n - a scroll of magic mapping {unknown}
 q - 2 scrolls of fog {unknown}
 w - 5 scrolls of identify {unknown}
 D - a scroll of blinking {unknown}
Potions
 g - 2 potions of mutation {unknown}
 l - 2 potions of ambrosia {unknown}
 r - 6 potions of brilliance
 t - 2 potions of flight
 u - a potion of berserk rage {unknown}
 z - a potion of invisibility {unknown}
 F - a potion of lignification {unknown}


   Skills:
 + Level 6.7 Fighting
 - Level 2.0 Dodging
 - Level 5.0 Stealth
 * Level 7.0 Shields
 - Level 5.3 Spellcasting
 - Level 2.0 Conjurations
 - Level 2.0 Hexes
 - Level 2.0 Summonings
 - Level 1.0 Translocations
 - Level 2.0 Air Magic
 - Level 2.0 Poison Magic
 - Level 2.0 Evocations


You had 10 spell levels left.
You knew the following spells:

 Your Spells              Type           Power        Failure   Level
a - Magic Dart            Conj           56%          13%         1
b - Call Imp              Summ           14%          19%         2
c - Slow                  Hex            14%          19%         2
d - Mephitic Cloud        Conj/Pois/Air  14%          36%         3

Your spell library contained the following spells:

 Spells                   Type           Power        Failure   Level
 Blink                    Tloc           N/A          28%         2
 Confusing Touch          Hex            14%          36%         3
 Conjure Flame            Conj/Fire      9%           50%         3
 Gell's Gravitas          Tloc           4%           50%         3
 Petrify                  Tmut/Erth      5%           96%         4
 Metabolic Englaciation   Hex/Ice        4%           99%         5
 Yara's Violent Unravell  Hex/Tmut       4%           99%         5


Dungeon Overview and Level Annotations

Branches:
Dungeon (7/15)             Temple (1/1) D:5           Sewer (visited)

Altars:
Ashenzari
Cheibriados
Dithmenos
Elyvilon
Fedhas
Gozag
Hepliaklqana
Kikubaaqudgha
Nemelex Xobeh
Okawaru
Qazlal
Ru
Trog
Uskayaw
Vehumet
Wu Jian
Xom
Yredelemnul
Zin

Shops:
D:5 *   D:6 =   D:7 [:

Portals:
Abyss: D:4

Annotations:
D:4 2 transporters, Sabo's ghost, novice GnWn
D:5 2 transporters, thiole's ghost, novice OpWz
D:6 3 runed translucent doors, kaeus's ghost, novice GrFE


Innate Abilities, Weirdness & Mutations

You cannot wear most types of armour.
You are very stealthy in the water. (Stealth+)
You are amphibious.
You can wear up to eight rings at the same time.
You can use your tentacles to constrict eight enemies at once.
Your skin changes colour to match your surroundings (Stealth+).
Your rubbery body absorbs attacks. (AC +1, EV +1)


Message History

You constrict the orc warrior.
You kill the orc warrior!
The orc barely misses you.
The ogre hits you with a +0 giant club!!
You block the orc wizard's attack.
Your Shields skill increases to level 7!
You barely miss the ogre.
The ogre is moderately wounded.
The orc wizard points at you and mumbles some strange words.
The magic dart hits you. The orc hits you with a +0 hand axe.
The ogre hits you with a +0 giant club!!
* * * LOW HITPOINT WARNING * * *
You hit the orc but do no damage.
Your weapon exudes an aura of protection.
Your grab misses the orc. You squeeze the orc!
You kill the orc!
The orc wizard misses you.
The ogre hits you with a +0 giant club!!
You die...
Your body crumbles into a pile of gold.

.... ##
#......#################
#........./.............
........................
........................
.........$.............∩
........................
......Oo..).............
....$.$@..)..<..........
...#..$.............[...
#...........#########
#...........# $
#....######## #....#
######


You could see an ogre and an orc wizard.

Vanquished Creatures
  Eustachio (D:4)
  2 orc warriors
  A sky beast (D:7)
  A phantom (D:4)
  An ice beast (D:5)
  3 ogres
  5 big kobolds (Sewer)
  Blork the orc (D:4)
  A bullfrog (D:6)
  2 howler monkeys
  3 orc priests
  2 bullfrog zombies
  A jelly (D:4)
  3 hounds
  8 orc wizards
  A centaur skeleton (D:4)
  5 worker ants
  A killer bee zombie (D:6)
  A hound zombie (D:7)
  Robin (D:4)
  3 gnolls (D:6)
  8 adders
  A shadow imp (D:5)
  3 white imps
  3 oozes
  2 adder zombies
  2 worms
  A dart slug (D:3)
  5 leopard geckos
  33 orcs
  8 giant cockroaches
  12 hobgoblins
  13 jackals
  13 kobolds
  2 quokkas
  4 ball pythons
  16 bats
  2 frilled lizards
  10 goblins
  6 rats
191 creatures vanquished.

Vanquished Creatures (collateral kills)
  An ogre (D:5)
  4 orcs (D:5)
  A jackal zombie (D:5)
6 creatures vanquished.

Vanquished Creatures (others)
  6 plants (D:5)
6 creatures vanquished.

Grand Total: 203 creatures vanquished

Notes
Turn   | Place    | Note
-------+----------+-------------------------------------------
     0 | D:1      | thiole the Octopode Hedge Wizard began the quest for the
                  | Orb.
     0 | D:1      | Reached XP level 1. HP: 11/11 MP: 4/4
   346 | D:1      | Reached XP level 2. HP: 17/17 MP: 4/6
   825 | D:1      | Reached XP level 3. HP: 21/21 MP: 2/7
  1177 | D:2      | Learned a level 2 spell: Call Imp
  1180 | D:2      | Learned a level 2 spell: Slow
  1184 | D:2      | Learned a level 3 spell: Mephitic Cloud
  1859 | D:2      | Reached XP level 4. HP: 20/27 MP: 9/9
  2148 | D:2      | Reached skill level 1 in Fighting
  2148 | D:2      | Reached skill level 1 in Shields
  2156 | D:2      | Reached XP level 5. HP: 24/33 MP: 10/10
  2601 | D:3      | Reached skill level 1 in Poison Magic
  2711 | D:3      | Reached XP level 6. HP: 39/39 MP: 11/11
  2958 | D:4      | Reached skill level 1 in Air Magic
  3027 | D:4      | Found a glowing drain.
  3046 | Sewer    | Entered a sewer
  3425 | Sewer    | Reached skill level 2 in Shields
  3433 | Sewer    | Reached skill level 5 in Stealth
  3433 | Sewer    | Reached XP level 7. HP: 23/45 MP: 9/13
  3731 | Sewer    | Reached skill level 3 in Shields
  4159 | D:4      | Found a transporter.
  4233 | D:4      | Noticed Eustachio
  4235 | D:4      | Found a one-way gate to the infinite horrors of the Abyss.
  4235 | D:4      | Noticed Sabo's ghost (novice GnWn)
  4242 | D:4      | Killed Eustachio
  4392 | D:4      | Reached skill level 5 in Spellcasting
  4392 | D:4      | Reached XP level 8. HP: 39/54 MP: 15/15
  4396 | D:4      | Reached skill level 4 in Shields
  4603 | D:4      | Noticed Blork the orc
  4612 | D:4      | Noticed an ancient zyme
  4616 | D:4      | Killed Blork the orc
  4698 | D:4      | Found a transporter.
  4755 | D:4      | Noticed Robin
  4765 | D:4      | Killed Robin
  4926 | D:5      | Entered Level 5 of the Dungeon
  5026 | D:5      | Found an ancient bone altar of Kikubaaqudgha.
  5026 | D:5      | Found an iron altar of Okawaru.
  5026 | D:5      | Found a stormy altar of Qazlal.
  5026 | D:5      | Found a shimmering altar of Xom.
  5080 | D:5      | Found a broken altar of Ashenzari.
  5094 | D:6      | Found a radiant altar of Vehumet.
  5111 | D:6      | Reached skill level 1 in Evocations
  5116 | D:6      | Reached skill level 1 in Hexes
  5477 | D:5      | Found Geguqud's General Store.
  5513 | D:5      | Found a transporter.
  5518 | D:5      | Noticed thiole's ghost (novice OpWz)
  5569 | D:5      | Identified the +1 kite shield of Turaylech {Str+3}
  5601 | D:5      | Found a transporter.
  5639 | D:5      | Reached skill level 5 in Fighting
  5640 | D:5      | Found a staircase to the Ecumenical Temple.
  5650 | D:5      | Reached skill level 5 in Shields
  5666 | Temple   | Entered the Ecumenical Temple
  5753 | Temple   | Became a worshipper of Gozag Ym Sagoz the Greedy
  5807 | D:5      | Reached XP level 9. HP: 56/61 MP: 17/17
  6100 | D:6      | Found a runed translucent gate.
  6100 | D:6      | Found a runed translucent gate.
  6105 | D:6      | Found a runed translucent gate.
  6105 | D:6      | Noticed kaeus's ghost (novice GrFE)
  6169 | D:6      | Reached skill level 6 in Shields
  6473 | D:6      | Found Vopom's Jewellery Shop.
  6738 | D:7      | Found Coeghih's Book Emporium.
  7051 | D:6      | Bought the ring of Eluavv Fupt {MP+9 Int+2 Dex+3} for 450
                  | gold pieces
  7137 | D:7      | Found Aluj's Armour Shop.
  7256 | D:7      | Reached skill level 7 in Shields
  7257 | D:7      | Demolished by an ogre

Illustrated notes

Levels and vault maps discovered:
D:1:      scummos_arrival_forest, layout_rooms, minmay_misc_feat_secret_circle,
          moated_statue, minmay_pentomino_o4
D:2:      kennysheep_big_flooded_room, layout_loops_ring
D:3:      layout_loops_ring
D:4:      layout_loops_ring, gammafunk_ghost_abyssal_escape,
          portal_sewer_entry_f, uniq_robin, uniq_eustachio, uniq_blork_the_orc
D:5:      layout_layer_cave, nicolae_overflow_hidden_temple,
          minmay_temple_entry_junction, serial_shops, shop,
          gammafunk_ghost_gnarly_gnolls, grunt_tough_drop
D:6:      layout_basic, nicolae_overflow_crystal_walls, gammafunk_ghost_split,
          serial_shops, nicolae_shop_crystal
D:7:      layout_basic, serial_shops, shop,
          nicolae_shop_competitors_out_of_business, shop, nicolae_shop_stone
Temple:   eino_temple_rhombus

Skill      XL: |  1  2  3  4  5  6  7  8  9 |
---------------+----------------------------+-----
Stealth        | 3 4 5 |  5.0
Conjurations   | 2 |  2.0
Summonings     | 2 |  2.0
Fighting       | 1 2 3 5 6 |  6.7
Shields        | 1 2 3 5 7 |  7.0
Poison Magic   | 1 2 |  2.0
Air Magic      | 2 |  2.0
Spellcasting   | 4 5 |  5.3
Evocations     | 2 |  2.0
Hexes          | 2 |  2.0
Dodging        | |  2.0
Translocations | |  1.0

Action                   |  1- 3 |  4- 6 |  7- 9 || total
-------------------------+-------+-------+-------++-------
Melee: Dagger            |    30 |   132 |   337 ||   499
       Constrict         |     4 |    29 |    78 ||   111
       Tentacles         |     3 |    23 |    99 ||   125
 Cast: Magic Dart        |    50 |    12 |    80 ||   142
       Call Imp          |       |       |     3 ||     3
       Slow              |       |       |     2 ||     2
  Use: Scroll            |     2 |     4 |     2 ||     8
       Potion            |       |     1 |    10 ||    11
 Stab: Sleeping          |     3 |     8 |    12 ||    23
       Distracted        |       |     1 |       ||     1
Armor: Skin              |     2 |    58 |    86 ||   146
Dodge: Dodged            |    32 |    79 |   146 ||   257
Block: Kite shield       |     4 |    70 |   127 ||   201
